 Dungeon Crawl Stone Soup version 0.31-a0-836-g3ceb0a68c4 (console) character file.

Game seed: 7624865343503525023

137870 petzl the Thaumaturge (level 17, -4/126 HPs)
             Began as a Formicid Delver on Sept 27, 2023.
             Was a High Priest of Vehumet.
             Killed from afar by a deep elf zephyrmancer (18 damage)
             ... with a bolt of lightning
             ... on level 1 of the Elven Halls on Sept 29, 2023.
             The game lasted 04:38:27 (41159 turns).

petzl the Thaumaturge (Formicid Delver)            Turns: 41159, Time: 04:38:51

Health: -4/126     AC: 18    Str: 18    XL:     17   Next: 84%
Magic:  22/35      EV: 11    Int: 23    God:    Vehumet [*****.]
Gold:   655        SH: 13    Dex: 15    Spells: 5/45 levels left

rFire   + . .        a - +1 longbow (flame)
rCold   + . .        Y - +2 buckler {AC+3}
rNeg    . . .        r - +4 scale mail of Ethics {rPois}
rPois   +            (helmet unavailable)
rElec   .            Z - scarf {rC+ rF+}
rCorr   +            K - +2 pair of gloves
SInv    +            x - +0 pair of boots
Will    +++..        m - amulet of reflection
Stlth   +++          L - ring "Nasef" {Will+ rCorr Int+6 SInv}
HPRegen 0.41/turn    l - ring of willpower
MPRegen 0.24/turn

%: reflection
@: radiating poison
A: permanent stasis, dig shafts and tunnels, antennae 3, four strong arms
a: Dig, Shaft Self, Renounce Religion


You were on level 1 of the Elven Halls.
You worshipped Vehumet.
Vehumet was extremely pleased with you.
You visited 7 branches of the dungeon, and saw 28 of its levels.
You also visited: Gauntlet and Volcano.

You collected 2457 gold pieces.
You spent 1802 gold pieces at shops.

Inventory:

Hand Weapons
 a - a +1 longbow of flaming (weapon)
 b - the +9 scimitar "Lyphyuge" {flame, Str+3 Int+8}
   (You took it off a naga mage on level 1 of the Snake Pit)

   Str+3:     It affects your strength (+3).
   Int+8:     It affects your intelligence (+8).
 c - the +0 rapier "Weraagga" {protect, rF- rCorr Int+4 Stlth+}
   (You found it on level 6 of the Dungeon)

   Int+4:     It affects your intelligence (+4).
   rF-:       It makes you vulnerable to fire.
   rCorr:     It protects you from acid and corrosion.
   Stlth+:    It makes you more stealthy.
 f - the +2 mace of the Big Fish {freeze, *Noise Fly rPois rN++}
   (You found it on level 5 of the Lair of Beasts)

   rPois:     It protects you from poison rN++: It greatly protects you from
   negative energy.
   Fly:       It grants you flight.
   *Noise:    It may make a loud noise when swung.
 k - a +2 double sword of electrocution
 n - a +10 dagger {!f =f}
Missiles
 w - 12 silver javelins
Armour
 r - the +4 scale mail of Ethics (worn) {rPois}
   (You found it on level 3 of the Lair of Beasts)

   rPois:     It protects you from poison
 x - a +0 pair of boots (worn)
 K - a +2 pair of gloves (worn)
 Y - a +2 buckler of protection (worn)
 Z - a scarf of resistance (worn)
Jewellery
 l - a ring of willpower (right hand)
 m - an amulet of reflection (around neck)
 L - the ring "Nasef" (left hand) {Will+ rCorr Int+6 SInv}
   (You took it off a minotaur in a Gauntlet)

   [ring of intelligence]

   Int+6:     It affects your intelligence (+6).
   Will+:     It increases your willpower.
   SInv:      It lets you see invisible.
   rCorr:     It protects you from acid and corrosion.
 Q - the ring "Zyraguoggu" {Wiz rElec Int+3 Dex-4 Slay+5}
   (You found it in a Gauntlet)

   [ring of wizardry]

   Wiz:       It improves your spell success rate.
   Int+3:     It affects your intelligence (+3).
   Dex-4:     It affects your dexterity (-4).
   Slay+5:    It affects your accuracy & damage with ranged weapons and melee
   (+5).
   rElec:     It insulates you from electricity.
Wands
 h - a wand of light (6)
 i - a wand of iceblast (14)
 q - a wand of polymorph (10)
 D - a wand of mindburst (12)
 E - a wand of charming (5)
 J - a wand of digging (10)
Scrolls
 d - a scroll of enchant armour
 e - a scroll of torment
 j - 4 scrolls of poison
 F - 3 scrolls of identify
 G - a scroll of silence
 N - 2 scrolls of fear
 T - a scroll of fog
 W - 3 scrolls of revelation
Potions
 g - a potion of cancellation
 o - 5 potions of lignification
 p - a potion of resistance
 t - 4 potions of invisibility
 v - 3 potions of heal wounds
 z - a potion of brilliance
 A - 4 potions of ambrosia
 C - a potion of might
 H - 3 potions of magic
 R - a potion of enlightenment
 S - 6 potions of curing
Miscellaneous
 y - a phantom mirror
 B - a tin of tremorstones (2/2)


   Skills:
 - Level 9.6 Fighting
 - Level 2.0 Maces & Flails
 - Level 4.5 Ranged Weapons
 - Level 5.4 Armour
 - Level 5.0 Dodging
 - Level 8.4 Stealth
 - Level 8.5 Shields
 - Level 14.7 Spellcasting
 - Level 12.0 Conjurations
 * Level 7.3 Necromancy
 - Level 6.1 Translocations
 - Level 4.8 Transmutations
 - Level 9.6 Fire Magic
 - Level 8.0 Ice Magic
 - Level 8.5 Air Magic
 - Level 5.0 Poison Magic
 - Level 2.0 Evocations


You had 5 spell levels left.
You knew the following spells:

 Your Spells              Type           Power      Damage    Failure   Level
a - Iskenderun's Mystic   Conj/Tloc      55%        2d12      1%          4
b - Fireball              Conj/Fire      30%        3d13      1%          5
c - Plasma Beam           Fire/Air       28%        2x1d40    12%         6
l - Freezing Cloud        Conj/Ice/Air   28%        6-21      1%          5
o - Orb of Destruction    Conj           32%        9d10      19%         7
s - Sticky Flame          Conj/Fire      61%        2d8       1%          4
u - Sublimation of Blood  Necr           50%        N/A       1%          2
I - Ignite Poison         Fire/Tmut/Pois 46%        N/A       1%          3
T - Olgreb's Toxic Radia  Pois           39%        N/A       4%          4

Your spell library contained the following spells:

 Spells                   Type           Power      Damage    Failure   Level
 Eringya's Noxious Bog    Tmut/Pois      19%        4d6       50%         6
 Apportation              Tloc           88%        N/A       1%          1
 Foxfire                  Conj/Fire      100%       2x1d9     1%          1
 Kiss of Death            Conj/Necr      100%       2d13      1%          1
 Necrotise                Necr           100%       1d9       1%          1
 Sting                    Tmut/Pois      100%       1d8       1%          1
 Cigotuvi's Dreadful Rot  Necr/Pois/Air  96%        N/A       1%          2
 Lesser Beckoning         Tloc           88%        N/A       1%          2
 Momentum Strike          Conj/Tloc      100%       3d10      1%          2
 Poisonous Vapours        Pois/Air       96%        N/A       1%          2
 Inner Flame              Hex/Fire       39%        N/A       1%          3
 Iskenderun's Battlesphe  Conj           64%        2d11      1%          5
 Wereblood                Tmut           39%        N/A       2%          2
 Gell's Gravitas          Tloc           44%        N/A       3%          3
 Teleport Other           Tloc           44%        N/A       3%          3
 Brom's Barrelling Bould  Conj/Erth      44%        2d6       3%          4
 Irradiate                Conj/Tmut      27%        3d20      3%          5
 Animate Dead             Necr           50%        N/A       6%          4
 Manifold Assault         Tloc           44%        N/A       10%         4
 Summon Small Mammal      Summ           64%        N/A       12%         1
 Yara's Violent Unravell  Hex/Tmut       14%        3d7       30%         5
 Dimensional Bullseye     Hex/Tloc       15%        N/A       34%         4
 Tukima's Dance           Hex            16%        N/A       36%         3
 Petrify                  Tmut/Erth      28%        N/A       41%         4
 Borgnjor's Vile Clutch   Necr/Erth      16%        N/A       58%         5
 Summon Forest            Summ/Tloc      15%        N/A       69%         5
 Cause Fear               Hex            8%         N/A       77%         4
 Summon Mana Viper        Hex/Summ       16%        N/A       98%         5
 Starburst                Conj/Fire      30%        6d9       6%          6
 Conjure Ball Lightning   Conj/Air       29%        3x3d8     8%          6
 Death Channel            Necr           25%        N/A       67%         6
 Summon Cactus Giant      Summ           8%         N/A       100%        6
 Enfeeble                 Hex            8%         N/A       100%        7
 Summon Hydra             Summ           8%         N/A       100%        7
 Dragon's Call            Summ           8%         N/A       100%        9
 Blink                    Tloc           Unusable   N/A       N/A         2

Dungeon Overview and Level Annotations

Branches:
Dungeon (13/15)            Temple (1/1) D:4            Lair (5/5) D:11
  Swamp (1/4) Lair:2        Snake (4/4) Lair:2        Slime (0/5) Lair:5
    Orc (2/2) D:10            Elf (2/3) Orc:2       Volcano (visited)
Gauntlet (visited)
 Vaults: D:13-14

Altars:
Ashenzari
Cheibriados
Dithmenos
Elyvilon
Fedhas
Gozag
Hepliaklqana
Kikubaaqudgha
Makhleb
Nemelex Xobeh
Okawaru
Qazlal
Ru
Sif Muna
Trog
Uskayaw
Vehumet
Wu Jian
Xom
Yredelemnul
Zin
The Shining One

Shops:
D:2 *   Orc:2 ![:!   Elf:1 ?*((   Snake:2 *

Annotations:
D:10 2 transporters
D:11 exclusion: downstairs
D:12 exclusions: downstairs and sensed monster (detected)
Lair:2 exclusion: downstairs
Swamp:1 Jorgrun
Snake:3 exclusions: downstairs and upstairs


Innate Abilities, Weirdness & Mutations

You cannot be hasted, slowed, berserked, paralysed or teleported.
You can dig through walls and to a lower floor.
You have a pair of large antennae on your head. (SInv)
Your four strong arms can wield two-handed weapons with a shield.


Message History

The bolt of lightning misses you. x2
The deep elf zephyrmancer is engulfed in freezing vapours. x3
The deep elf high priest is engulfed in freezing vapours.
The deep elf high priest invokes the aid of its god against you.
Something smites you!
A deep elf pyromancer comes into view. It is wielding a +0 dagger.
The deep elf zephyrmancer is engulfed in freezing vapours.
You kill the deep elf zephyrmancer!
Vehumet accepts your kill.
You feel your power returning.
You hear a shout!
Casting: Freezing Cloud (mildly dangerous; 1% risk of failure)
Confirm with . or Enter, or press ? or * to list all spells.
You begin to radiate toxic energy.
The deep elf zephyrmancer is poisoned.
The deep elf high priest is poisoned.
The deep elf knight is poisoned.
The deep elf zephyrmancer is poisoned.
The deep elf pyromancer is poisoned.
The deep elf zephyrmancer is poisoned. x2
The deep elf zephyrmancer looks even sicker.
The deep elf high priest looks even sicker.
The deep elf knight looks even sicker.
The deep elf zephyrmancer looks even sicker.
The deep elf zephyrmancer gestures at you while chanting.
The bolt of lightning hits you!! x2
* * * LOW HITPOINT WARNING * * *
The deep elf high priest is engulfed in freezing vapours.
The deep elf high priest mumbles some strange prayers to its god against you.
Something smites you!
* * * LOW HITPOINT WARNING * * *
The deep elf zephyrmancer is engulfed in freezing vapours.
The deep elf zephyrmancer gestures wildly while chanting.
The deep elf zephyrmancer blinks!
The deep elf zephyrmancer is engulfed in freezing vapours.
You kill the deep elf zephyrmancer!
Vehumet accepts your kill.
You feel your power returning.
The deep elf knight is engulfed in freezing vapours.
The deep elf zephyrmancer is engulfed in freezing vapours.
The deep elf zephyrmancer casts a spell at you.
The bolt of lightning hits you!!
You die...

######
#.@).####
#'##....###
#§.{####)..#
,§§§§{.
##.##
.°§§e... #.#
#.§##ee{##.
#.# #♣# §ee,
#♣#.# §e§{
#.# {{ #.#
#.# ### ##.#
#.. #..#
##.. ###.##
#... #..##
#..) ##.#
##.. #.#
######.. #.#
##.......
#.#
##.#######
#.# ##)##


You could see a deep elf knight (very poisoned), a deep elf high priest (very
poisoned), a deep elf pyromancer (poisoned) and 3 deep elf zephyrmancers.

Vanquished Creatures
  A reaper (Lair:4)
  A deep elf demonologist (Elf:1)
  Nessos (Lair:4)
  Azrael (Elf:2)
  A minotaur (Gauntlet)
  A centaur warrior (D:10)
  5 anacondas
  Harold (D:10)
  3 ogre magi
  2 catoblepae
  A merfolk avatar (Lair:5)
  Erica (D:10)
  4 boulder beetles
  3 naga warriors
  7 two-headed ogres
  17 dancing weapons
  3 shock serpents
  8 naga sharpshooters (Snake:2)
  A hell knight (Volcano)
  Nergalle (Orc:2)
  12 deep elf knights
  A fire crab (Gauntlet)
  A skyshark (Lair:5)
  2 salamander mystics
  4 sea snakes
  3 naga ritualists
  A harpy (Lair:5)
  A lindwurm (Lair:5)
  5 deep elf archers (Elf:1)
  An orc knight (Orc:2)
  10 mana vipers
  2 manticores (D:12)
  18 deep elf zephyrmancers
  11 orc sorcerers
  9 deep elf pyromancers
  9 salamanders
  A cyclops (D:11)
  14 elephants
  12 naga magi
  20 black mambas
  A guardian serpent (Snake:3)
  2 molten gargoyles (Volcano)
  2 torpor snails (Lair:2)
  2 gargoyles (Gauntlet)
  6 rime drakes
  11 cane toads
  Psyche (D:10)
  2 unseen horrors
  10 komodo dragons
  A queen bee (Orc:1)
  A merfolk (shapeshifter) (D:11)
  A polar bear (Lair:4)
  4 trolls
  7 dream sheep (Lair:5)
  3 hornets
  19 blink frogs
  A raiju (Gauntlet)
  2 snapping turtles (Lair:5)
  2 vampires (D:12)
  Sigmund (D:6)
  5 slime creatures (D:12)
  A water elemental (Elf:1)
  57 yaks
  2 wraiths
  2 wyverns
  A yak (shapeshifter) (D:12)
  A human (Lair:4)
  3 basilisks
  6 fire bats
  6 fire elementals
  5 steam dragons
  8 vampire mosquitoes
  3 wargs
  21 nagas
  An acid dragon (D:12)
  10 water moccasins
  A hell hound (Gauntlet)
  A black bear (Lair:3)
  2 ice beasts
  15 orc warriors
  A sky beast (D:7)
  4 ogres
  21 wolves
  6 centaurs
  3 phantoms
  3 kobold brigands
  13 bullfrogs
  An earth elemental (Orc:2)
  A gnoll sergeant (D:10)
  3 scorpions (D:5)
  4 wights (D:8)
  32 killer bees
  7 howler monkeys
  3 electric eels
  8 lava snakes (Volcano)
  14 jellies
  10 orc priests
  8 hounds
  A gnoll bouda (D:5)
  2 sleepcaps
  7 iguanas
  Natasha (thrice) (D:2)
  30 orc wizards
  13 hell rats (Lair:3)
  Robin (D:2)
  8 adders
  7 gnolls
  8 river rats (D:7)
  2 white imps (D:5)
  A worm (D:2)
  56 orcs
  2 ball pythons
  7 endoplasms
  A giant cockroach (D:1)
  12 goblins
  11 hobgoblins
  3 quokkas
  3 bats
  3 frilled lizards
  14 kobolds
  19 rats
  A spectral hobgoblin (D:8)
787 creatures vanquished.

Vanquished Creatures (collateral kills)
  A wyvern (D:9)
1 creature vanquished.

Vanquished Creatures (others)
  A naga mage (Snake:3)
  A water elemental (Elf:1)
  A jelly (Lair:5)
  A gnoll (D:10)
4 creatures vanquished.

Grand Total: 792 creatures vanquished

Notes
Turn   | Place    | Note
-------+----------+-------------------------------------------
     0 | D:5      | petzl the Formicid Delver began the quest for the Orb.
     0 | D:5      | Reached XP level 1. HP: 18/18 MP: 1/1
    35 | D:6      | Identified the +0 rapier "Weraagga" {protect, rF- rCorr
                  | Int+4 Stlth+}
   295 | D:4      | Found a staircase to the Ecumenical Temple.
   339 | D:4      | Noticed a hound
   435 | D:2      | Reached skill level 1 in Spellcasting
   539 | D:1      | Reached XP level 2. HP: 24/24 MP: 3/3
   737 | D:1      | Reached skill level 1 in Ranged Weapons
   992 | D:1      | Reached XP level 3. HP: 25/29 MP: 5/5
  1521 | D:2      | Found Taffov's Magic Scroll Boutique.
  1529 | D:2      | Bought a scroll of identify for 26 gold pieces
  1529 | D:2      | Bought a scroll of identify for 26 gold pieces
  1620 | D:2      | Reached skill level 2 in Spellcasting
  1704 | D:2      | Found Diphosch's General Store.
  1717 | D:2      | Reached skill level 1 in Shields
  1739 | D:2      | Reached XP level 4. HP: 32/35 MP: 7/7
  1759 | D:2      | Found a basalt altar of Yredelemnul.
  1764 | D:2      | Bought a potion of curing for 42 gold pieces
  1845 | D:2      | Noticed Robin
  1856 | D:2      | Killed Robin
  1884 | D:2      | Noticed Natasha
  1898 | D:2      | Killed Natasha
  1954 | D:2      | Found Taffov's Magic Scroll Boutique.
  1965 | D:2      | Noticed Natasha
  1977 | D:2      | Killed Natasha
  1978 | D:2      | Reached XP level 5. HP: 41/41 MP: 7/9
  2021 | D:2      | Noticed Natasha
  2032 | D:2      | Killed Natasha
  2178 | D:3      | You fall into a shaft and drop 1 floor!
  2440 | D:3      | Reached skill level 3 in Spellcasting
  2602 | D:3      | Reached XP level 6. HP: 47/47 MP: 10/10
  3569 | D:4      | Found a burning altar of Makhleb.
  3814 | Temple   | Entered the Ecumenical Temple
  3819 | Temple   | Became a worshipper of Vehumet
  3875 | D:4      | Reached skill level 4 in Spellcasting
  3875 | D:4      | Reached XP level 7. HP: 50/52 MP: 11/13
  4038 | D:2      | Bought 2 scrolls of identify for 52 gold pieces
  4250 | D:5      | Reached skill level 5 in Shields
  4963 | D:5      | Reached * piety under Vehumet
  4963 | D:5      | Offered knowledge of Kiss of Death by Vehumet.
  4966 | D:5      | Learned a level 1 spell: Kiss of Death
  4972 | D:5      | Learned a level 5 spell: Freezing Cloud
  5031 | D:5      | Reached skill level 5 in Spellcasting
  5031 | D:5      | Reached XP level 8. HP: 21/58 MP: 15/15
  5377 | D:5      | Reached skill level 1 in Necromancy
  5377 | D:5      | Reached skill level 1 in Evocations
  5389 | D:5      | Reached skill level 1 in Conjurations
  5469 | D:5      | Reached skill level 1 in Ice Magic
  5560 | D:5      | Reached skill level 1 in Air Magic
  6223 | D:6      | Reached XP level 9. HP: 39/65 MP: 17/17
  6361 | D:6      | Learned a level 3 spell: Ignite Poison
  6419 | D:6      | Noticed Sigmund
  6924 | D:2      | Bought a scroll of identify for 26 gold pieces
  6964 | D:2      | Bought a scroll of fear for 56 gold pieces
  7129 | D:7      | Reached skill level 1 in Transmutations
  7129 | D:7      | Reached skill level 1 in Poison Magic
  7146 | D:7      | Reached skill level 1 in Fire Magic
  7354 | D:7      | Learned a level 4 spell: Iskenderun's Mystic Blast
  8357 | D:8      | You fall into a shaft and drop 2 floors!
  8357 | D:10     | Entered Level 10 of the Dungeon
  8675 | D:11     | Noticed a hornet
  8677 | D:11     | Noticed a troll
  8747 | D:10     | HP: 2/66 [wyvern (16)]
  8962 | D:10     | Noticed Psyche
  9650 | D:8      | Noticed a hornet
  9766 | D:8      | Reached XP level 10. HP: 37/65 MP: 18/18
 10063 | D:8      | Reached ** piety under Vehumet
 10121 | D:8      | Reached skill level 6 in Spellcasting
 10239 | D:7      | You fall into a shaft and drop 2 floors!
 10532 | D:9      | Reached skill level 5 in Fighting
 11047 | D:9      | Offered knowledge of Freeze by Vehumet.
 11473 | D:10     | Found a transporter.
 12476 | D:2      | Bought a scroll of revelation for 97 gold pieces
 12476 | D:2      | Bought a scroll of revelation for 97 gold pieces
 12476 | D:2      | Bought a scroll of poison for 52 gold pieces
 12594 | D:8      | Found a hazy altar of Hepliaklqana.
 12769 | D:8      | Reached skill level 5 in Poison Magic
 13921 | D:10     | Noticed a two-headed ogre
 14218 | D:10     | Killed Psyche
 14576 | D:10     | Killed a two-headed ogre
 14577 | D:10     | Reached skill level 1 in Translocations
 14581 | D:10     | Noticed Harold
 14751 | D:10     | Reached XP level 11. HP: 22/80 MP: 10/20
 14945 | D:10     | Noticed a two-headed ogre
 14997 | D:10     | Found a staircase to the Orcish Mines.
 15561 | D:6      | Killed Sigmund
 16559 | D:10     | Found a transporter.
 16796 | D:10     | Noticed Erica
 16802 | D:10     | Killed Erica
 16803 | D:10     | Reached skill level 7 in Spellcasting
 16803 | D:10     | Reached skill level 5 in Conjurations
 17108 | D:11     | Noticed a centaur warrior
 17439 | D:10     | Killed Harold
 17496 | D:10     | Killed a centaur warrior
 17579 | D:11     | Noticed a skyshark
 17705 | D:11     | Noticed a mana viper
 17707 | D:11     | a mana viper changed into a merfolk
 17712 | D:11     | Reached skill level 5 in Translocations
 17748 | D:11     | Offered knowledge of Volatile Blastmotes by Vehumet.
 17873 | D:12     | Noticed a boulder beetle
 18023 | D:11     | Noticed a cyclops
 18171 | D:11     | Killed a cyclops
 18403 | D:12     | Noticed a two-headed ogre
 18427 | D:12     | Killed a two-headed ogre
 18478 | D:12     | Reached XP level 12. HP: 86/86 MP: 21/23
 18699 | D:13     | Noticed a boulder beetle
 18719 | D:12     | Reached *** piety under Vehumet
 18720 | D:12     | Reached skill level 8 in Spellcasting
 18931 | D:12     | Noticed a boulder beetle
 19159 | D:12     | You fall into a shaft and drop 1 floor!
 19278 | D:13     | Killed a boulder beetle
 19850 | D:12     | Learned a level 5 spell: Fireball
 20138 | D:7      | Offered knowledge of Stone Arrow by Vehumet.
 20391 | D:11     | Noticed a two-headed ogre
 20399 | D:11     | Killed a two-headed ogre
 20400 | D:11     | Reached skill level 5 in Ice Magic
 20495 | D:11     | Found a staircase to the Lair.
 20973 | D:12     | Killed a boulder beetle
 20982 | D:12     | Reached skill level 5 in Fire Magic
 20990 | D:12     | Noticed a boulder beetle
 21012 | D:12     | Killed a boulder beetle
 21115 | D:12     | Reached skill level 5 in Air Magic
 21366 | Lair:1   | Entered Level 1 of the Lair of Beasts
 21477 | Lair:1   | Reached XP level 13. HP: 92/92 MP: 21/25
 21652 | Lair:1   | Reached **** piety under Vehumet
 21785 | Lair:1   | Offered knowledge of Flame Wave by Vehumet.
 21786 | Lair:1   | Reached skill level 9 in Spellcasting
 23189 | Lair:2   | Found a staircase to the Swamp.
 23315 | Lair:2   | Found a staircase to the Snake Pit.
 23824 | Lair:3   | Found a gate leading to a gauntlet.
 23913 | Lair:3   | Reached ***** piety under Vehumet
 23913 | Lair:3   | Offered knowledge of Arcjolt by Vehumet.
 23948 | Lair:3   | Identified the +0 leather armour "Pafol" {rPois Int-2
                  | Slay+2}
 23958 | Gauntlet | Entered a Gauntlet
 23958 | Gauntlet | Noticed a catoblepas
 23958 | Gauntlet | Found a transporter.
 23958 | Gauntlet | Found a transporter.
 24061 | Gauntlet | Found a transporter.
 24064 | Gauntlet | Found a transporter.
 24064 | Gauntlet | Found a transporter.
 24064 | Gauntlet | Found a transporter.
 24078 | Gauntlet | Found a transporter.
 24080 | Gauntlet | Found a transporter.
 24080 | Gauntlet | Found a large runed translucent door.
 24081 | Gauntlet | Found a large runed translucent door.
 24082 | Gauntlet | Found a large runed translucent door.
 24082 | Gauntlet | Found a large runed translucent door.
 24082 | Gauntlet | Found a runed translucent door.
 24083 | Gauntlet | Found a large runed translucent door.
 24083 | Gauntlet | Noticed a green death
 24084 | Gauntlet | Found a large runed translucent door.
 24085 | Gauntlet | Found a large runed translucent door.
 24085 | Gauntlet | Found a large runed translucent door.
 24086 | Gauntlet | Found a runed translucent gate.
 24088 | Gauntlet | Found a transporter.
 24093 | Gauntlet | Found a runed translucent gate.
 24093 | Gauntlet | Found a transporter.
 24094 | Gauntlet | Found a runed translucent gate.
 24094 | Gauntlet | Found a runed translucent door.
 24097 | Gauntlet | Found a large runed translucent door.
 24097 | Gauntlet | Found a large runed translucent door.
 24098 | Gauntlet | Found a large runed translucent door.
 24099 | Gauntlet | Found a large runed translucent door.
 24108 | Gauntlet | Found a large runed translucent door.
 24108 | Gauntlet | Found a large runed translucent door.
 24109 | Gauntlet | Found a large runed translucent door.
 24110 | Gauntlet | Found a large runed translucent door.
 24112 | Gauntlet | Found a transporter.
 24116 | Gauntlet | Found a transporter.
 24279 | Gauntlet | Killed a catoblepas
 24440 | Gauntlet | Reached XP level 14. HP: 78/99 MP: 12/27
 24443 | Gauntlet | Reached skill level 10 in Spellcasting
 24579 | Gauntlet | Reached skill level 1 in Armour
 24694 | Gauntlet | Identified the ring "Nasef" {Will+ rCorr Int+6 SInv}
 24694 | Gauntlet | Noticed a minotaur
 24698 | Gauntlet | Killed a minotaur
 24740 | Gauntlet | Identified the ring "Zyraguoggu" {Wiz rElec Int+3 Dex-4
                  | Slay+5}
 24808 | Gauntlet | Learned a level 6 spell: Plasma Beam
 24871 | Lair:3   | You fall into a shaft and drop 1 floor!
 25727 | Lair:4   | Found a runed translucent door.
 25734 | Lair:4   | Noticed a reaper
 25799 | Lair:5   | Entered Level 5 of the Lair of Beasts
 25960 | Lair:5   | Found a dark tunnel.
 26008 | Volcano  | Entered a volcano
 26310 | Volcano  | Offered knowledge of Sticky Flame by Vehumet.
 26316 | Volcano  | Learned a level 4 spell: Sticky Flame
 26441 | Volcano  | Found a burning altar of Makhleb.
 26829 | Lair:3   | Reached XP level 15. HP: 107/107 MP: 20/29
 26940 | Lair:3   | Identified the +4 scale mail of Ethics {rPois}
 27281 | Lair:3   | Learned a level 4 spell: Olgreb's Toxic Radiance
 27650 | Lair:4   | Noticed Nessos
 27654 | Lair:4   | Killed Nessos
 28083 | Lair:5   | Identified the +2 mace of the Big Fish {freeze, *Noise Fly
                  | rPois rN++}
 29179 | Lair:5   | Found a staircase to the Slime Pits.
 29472 | Lair:5   | Found the ring of the Octopus King
 29475 | Lair:5   | Identified the +2 halberd "Dup Pahy" {pain, *Noise rElec
                  | Dex+3}
 29479 | Lair:5   | Identified a ring of the Octopus King {rCorr HP+2 AC+2 EV+2
                  | SH+2}
 29489 | Lair:5   | Identified the +0 pair of boots of Plasticity {-Cast +Inv
                  | Regen+}
 29494 | Lair:5   | Identified the ring "Weoxis" {Ice Int+2}
 29935 | Lair:4   | You fall into a shaft and drop 1 floor!
 30136 | Lair:4   | Killed a reaper
 30609 | Orc:1    | Entered Level 1 of the Orcish Mines
 30652 | Orc:1    | Offered knowledge of Ozocubu's Refrigeration by Vehumet.
 31312 | Orc:2    | Entered Level 2 of the Orcish Mines
 31612 | Orc:2    | Found a staircase to the Elven Halls.
 31724 | Orc:2    | Reached skill level 5 in Armour
 32393 | Orc:2    | Found Fussu's Distillery.
 32402 | Orc:2    | Found Nevan's Book Shoppe.
 32459 | Orc:2    | Bought a potion of curing for 48 gold pieces
 32459 | Orc:2    | Bought a potion of curing for 48 gold pieces
 32472 | Orc:2    | Found an ancient bone altar of Kikubaaqudgha.
 32472 | Orc:2    | Noticed Nergalle
 32484 | Orc:2    | Killed Nergalle
 32524 | Orc:2    | Found Hukai's Antique Armour Shoppe.
 32593 | Orc:2    | Found a radiant altar of Vehumet.
 32669 | Orc:2    | Found Ixtas's Distillery.
 32741 | Orc:2    | Bought a book of Blood for 336 gold pieces
 32741 | Orc:2    | Bought a book of the Spheres for 768 gold pieces
 32744 | Orc:2    | Learned a level 2 spell: Sublimation of Blood
 33035 | Orc:2    | Bought a potion of cancellation for 128 gold pieces
 33300 | Elf:1    | Entered Level 1 of the Elven Halls
 33304 | Elf:1    | Reached skill level 11 in Spellcasting
 33304 | Elf:1    | Reached skill level 10 in Conjurations
 33305 | Elf:1    | Reached skill level 5 in Dodging
 33480 | Elf:1    | Reached XP level 16. HP: 116/116 MP: 28/31
 33721 | Snake:1  | Entered Level 1 of the Snake Pit
 34294 | Snake:1  | Reached skill level 12 in Spellcasting
 34317 | Snake:1  | Offered knowledge of Bombard by Vehumet.
 34428 | Snake:1  | Identified the +9 scimitar "Lyphyuge" {flame, Str+3 Int+8}
 35038 | Snake:2  | Reached skill level 13 in Spellcasting
 35046 | Snake:2  | Learned a level 7 spell: Orb of Destruction
 35365 | Snake:2  | Found Cutest's General Store.
 35952 | Snake:2  | Found a burning altar of Makhleb.
 37603 | Snake:4  | Entered Level 4 of the Snake Pit
 37947 | Snake:3  | Reached XP level 17. HP: 99/123 MP: 22/34
 37964 | Snake:3  | Reached skill level 14 in Spellcasting
 38606 | Swamp:1  | Entered Level 1 of the Swamp
 38606 | Swamp:1  | Noticed Jorgrun
 38907 | Elf:1    | Identified the +2 helmet "Vaze" {Contam rElec rF+++ SInv}
 38957 | Elf:1    | Found Dimuty's Weapon Shop.
 38962 | Elf:1    | Found Cuuschov's Weapon Shop.
 38963 | Elf:1    | Found Qetoulae's Magic Scroll Shop.
 38963 | Elf:1    | Found Nofu's Assorted Antiques.
 39057 | Elf:1    | Offered knowledge of Eringya's Noxious Bog by Vehumet.
 39290 | Elf:1    | You fall into a shaft and drop 1 floor!
 39826 | Elf:2    | Found a runed translucent gate.
 39830 | Elf:2    | Found a runed translucent gate.
 39830 | Elf:2    | Found a runed translucent gate.
 40335 | Elf:2    | Noticed Azrael
 40343 | Elf:2    | Reached skill level 5 in Necromancy
 40345 | Elf:2    | Killed Azrael
 41159 | Elf:1    | Killed from afar by a deep elf zephyrmancer

Illustrated notes

Levels and vault maps discovered:
D:1:      sevenhm_arrival_forest_fort_large_2, layout_basic, minmay_pentomino_v2
D:2:      layout_basic, serial_shops, shop, shop, basic_altar, uniq_robin,
          uniq_natasha
D:3:      layout_basic
D:4:      layout_rooms, mainiacjoe_overflow_surrounded_room,
          minmay_temple_entry_purple_smoke
D:5:      kennysheep_windowed_halls, layout_basic
D:6:      layout_cave_pools, serial_rivers, chequers_serial_rivers_micro_c,
          chequers_serial_rivers_micro_c, chequers_serial_rivers_marsh,
          chequers_serial_rivers_micro_c, uniq_sigmund
D:7:      layout_loops_corners, dk_rats_in_the_wall
D:8:      layout_loops_ring, nicolae_hepliaklqana_monster_ancestors
D:9:      layout_loops_corners, minivault_10
D:10:     gammafunk_cloud_chamber, layout_loops_ring, orc_0_dummy, uniq_psyche,
          uniq_harold, uniq_erica
D:11:     layout_long_grid, erik_lair_island
D:12:     layout_grid_maze, minmay_pinched_square
D:13:     layout_roguey, special_room [special_room_orc]
Temple:   nicolae_temple_bog_church
Lair:1:   layout_loops_ring
Lair:2:   layout_chaotic_city, swamp_mist_pool,
          minmay_snake_entry_guardpost_small, serial_bayou_shore_b
Lair:3:   layout_roguey, gauntlet_entry_generic, portal_ice_cave_rime
Lair:4:   layout_long_grid, minivault_27, grunt_forest_stairs_basic,
          chequers_serial_rivers_small_3, pdpol_lair_cabin_in_the_woods,
          uniq_nessos
Lair:5:   gammafunk_lair_ancient_temple, layout_loops_ring,
          minmay_slime_entry_jelly_boxes, nicolae_volcano_entry_vermiform,
          serial_rivers, chequers_serial_rivers_small_b,
          chequers_serial_rivers_micro_e, chequers_serial_rivers_micro_a,
          chequers_serial_rivers_large_b
Swamp:1:  layout_falls_marsh, gammafunk_ghost_split,
          nicolae_swamp_feature_on_the_river_bank, uniq_jorgrun
Snake:1:  layout_onion, drop_trap
Snake:2:  nicolae_snake_shooting_gallery, layout_layer_cave, basic_altar,
          serial_shops, nicolae_shop_back_alley_shop
Snake:3:  layout_grid_shapes, serial_bayou_pond_e, nicolae_snake_single_loop,
          nicolae_snake_gridmaze_swirls,
          nicolae_snake_yet_another_twisty_hallway
Snake:4:  minmay_snake_end_coiled, layout_cave_town, nicolae_shop_vocational
Orc:1:    layout_diamond_mine, special_room [special_room_bee]
Orc:2:    kennysheep_orc_mage_school, layout_diamond_mine
Elf:1:    minmay_elf_arrival_circle, layout_rooms,
          kennysheep_underground_church, minmay_shop_grid_forest
Elf:2:    nicolae_elf_blades_crystal_corner, layout_geoelf_diagonals,
          minmay_elf_demonology, uniq_azrael

Skill      XL: |  1  2  3  4  5  6  7  8  9 10 11 12 13 14 15 16 17 |
---------------+----------------------------------------------------+-----
Spellcasting   | 1 2 3 4 5 6 7 8 9 10 11 13 14 | 14.7
Ranged Weapons | 1 2 3 4 |  4.5
Shields        | 1 2 3 4 5 6 7 8 |  8.5
Necromancy     | 1 2 7 |  7.3
Evocations     | 2 |  2.0
Conjurations   | 1 2 3 6 7 8 9 10 11 12 | 12.0
Ice Magic      | 1 2 3 6 8 |  8.0
Air Magic      | 1 2 3 5 6 7 8 |  8.5
Fighting       | 4 5 6 7 8 9 |  9.6
Transmutations | 3 4 |  4.8
Poison Magic   | 3 5 |  5.0
Fire Magic     | 2 4 5 7 8 9 |  9.6
Translocations | 1 5 6 |  6.1
Dodging        | 2 3 5 |  5.0
Armour         | 3 5 |  5.4
Stealth        | 7 8 |  8.4
Maces & Flails | |  2.0

Action                     |  1- 3 |  4- 6 |  7- 9 | 10-12 | 13-15 | 16-18 || total
---------------------------+-------+-------+-------+-------+-------+-------++-------
  Melee: Rapier            |    34 |   173 |   589 |   495 |    78 |       ||  1369
         Unarmed           |       |     6 |       |     3 |       |       ||     9
         Dagger            |       |       |       |    26 |       |       ||    26
         Halberd           |       |       |       |    66 |       |       ||    66
         Scimitar          |       |       |       |    41 |    17 |    10 ||    68
   Fire: Sling             |    88 |    68 |    89 |       |       |       ||   245
         Shortbow          |       |       |    59 |   212 |   279 |       ||   550
         Longbow           |       |       |       |       |   173 |   213 ||   386
  Throw: Dart              |       |       |       |    63 |       |       ||    63
         Throwing net      |       |       |       |     1 |       |       ||     1
   Cast: Ignite Poison     |       |       |       |    43 |     6 |     1 ||    50
         Iskenderun's Myst |       |       |       |    11 |    43 |     6 ||    60
         Freezing Cloud    |       |       |       |    36 |   236 |   148 ||   420
         Fireball          |       |       |       |     4 |     6 |       ||    10
         Plasma Beam       |       |       |       |       |     4 |       ||     4
         Sticky Flame      |       |       |       |       |    12 |    19 ||    31
         Olgreb's Toxic Ra |       |       |       |       |     3 |     2 ||     5
         Orb of Destructio |       |       |       |       |       |    26 ||    26
         Sublimation of Bl |       |       |       |       |       |     4 ||     4
Ability: Dig               |       |     1 |     3 |     5 |     2 |     4 ||    15
         Shaft Self        |       |     1 |     1 |     2 |     2 |     1 ||     7
  Evoke: Wand              |       |       |       |    11 |     9 |       ||    20
         Phantom mirror    |       |       |       |     3 |       |       ||     3
    Use: Scroll            |     3 |     1 |    17 |     4 |     7 |       ||    32
         Potion            |       |       |     1 |       |     2 |     1 ||     4
   Stab: Sleeping          |     2 |       |     4 |       |       |       ||     6
         Distracted        |       |       |     2 |       |       |       ||     2
 Armour: Leather armour    |    31 |    59 |       |       |       |       ||    90
         Ring mail         |       |    46 |   328 |   442 |       |       ||   816
         Skin              |       |       |       |     2 |       |       ||     2
         Troll leather arm |       |       |       |   105 |   110 |       ||   215
         Scale mail        |       |       |       |       |    80 |   121 ||   201
  Dodge: Dodged            |    37 |   108 |   232 |   346 |   102 |    43 ||   868
  Block: Buckler           |     3 |    37 |   326 |   502 |   162 |    71 ||  1101
         Reflection        |       |       |     9 |    11 |    13 |    25 ||    58

Table legend: (Time is in decaauts)
 A = Elapsed time spent in this place.
 B = Non-inter-level travel time spent in this place.
 C = Inter-level travel time spent in this place.
 D = Time resting spent in this place.
 E = Time spent auto-exploring this place.
 F = Levels seen in this place.
 G = Mean time per level.
                   A        B        C        D        E       F      G
               +--------+--------+--------+--------+--------+-----+--------+
         Total |  42061 |  37693 |   4368 |  11343 |  14067 |  30 | 1402.0 |
       Dungeon |  22403 |  19616 |   2787 |   5264 |   7219 |  13 | 1723.3 |
        Temple |     10 |      1 |      9 |      0 |      0 |   1 |   10.0 |
          Lair |   8031 |   6960 |   1071 |   1862 |   3341 |   5 | 1606.2 |
         Swamp |      1 |      1 |      0 |      0 |      0 |   1 |    1.0 |
     Snake Pit |   4801 |   4565 |    236 |   1594 |   2174 |   4 | 1200.2 |
  Orcish Mines |   2799 |   2536 |    263 |    860 |    582 |   2 | 1399.5 |
   Elven Halls |   2448 |   2448 |      0 |   1253 |    522 |   2 | 1224.0 |
       Volcano |    713 |    713 |      0 |    237 |      0 |   1 |  713.0 |
      Gauntlet |    850 |    850 |      0 |    271 |    228 |   1 |  850.0 |
               +--------+--------+--------+--------+--------+-----+--------+

Top non-repeatable levels by time:
     D:9: 3566 daAuts
    D:10: 3020 daAuts
     D:5: 2681 daAuts
  Lair:5: 2130 daAuts
 Snake:2: 2051 daAuts
   Orc:2: 2001 daAuts
    D:11: 1967 daAuts
     D:8: 1798 daAuts
    D:12: 1757 daAuts
  Lair:4: 1753 daAuts
     D:7: 1751 daAuts
  Lair:1: 1570 daAuts
   Elf:2: 1523 daAuts
  Lair:2: 1417 daAuts
     D:3: 1393 daAuts
